 Dungeon Crawl Stone Soup version 0.17.2-1-ge4368a0 (webtiles) character file.

599 Goblin1989 the Vexing (level 7, -4/32 HPs)
             Began as a Spriggan Enchanter on Sept 27, 2016.
             Slain by a mummy (17 damage)
             ... in an ossuary.
             The game lasted 00:28:16 (3814 turns).

Goblin1989 the Vexing (Spriggan Enchanter)          Turns: 3814, Time: 00:28:16

Health: -4/32      AC:  4    Str:  4    XL:     7   Next: 17%
Magic:  11/16      EV: 18    Int: 19    God:
Gold:   179        SH:  0    Dex: 16    Spells: 5 memorised, 4 levels left

rFire  . . .     SeeInvis +     n - +2 short sword (vamp)
rCold  . . .     Clarity  .     b - +1 robe
rNeg   . . .     SustAt   .     (shield restricted)
rPois  .         Gourm    .     (helmet restricted)
rElec  .         Spirit   .     o - +0 cloak
rCorr  .         Warding  .     (gloves unavailable)
rMut   .         Stasis   .     (boots unavailable)
MR     +....                    t - amulet of inaccuracy (curse)
Stlth  ++++......               (no ring)
                                (no ring)

@: very slightly contaminated, very quick, somewhat resistant to hostile
enchantments, stealthy
A: unfitting armour, see invisible, herbivore 3, speed 3, slow metabolism 2
a: no special abilities


You were in an ossuary.
You were not hungry.

You visited 1 branch of the dungeon, and saw 5 of its levels.
You also visited: Ossuary.

You collected 179 gold pieces.

Inventory:

Hand Weapons
 n - a +2 vampiric short sword (weapon)
Missiles
 f - 53 stones (quivered)
 x - 3 poisoned sling bullets
Armour
 b - a +1 robe (worn)
 o - a +0 cloak (worn)
Jewellery
 e - an uncursed amulet of warding
 q - an uncursed amulet of stasis {unknown}
 s - a cursed ring of teleportation {unknown}
 t - a cursed amulet of inaccuracy (around neck)
Scrolls
 g - a scroll of blinking {unknown}
 j - a scroll of enchant weapon {unknown}
 k - a scroll of teleportation {unknown}
 l - 2 scrolls of recharging {unknown}
 m - 2 scrolls of fear
 p - a scroll of fog {unknown}
 u - a scroll of immolation {unknown}
 w - a scroll of enchant armour {unknown}
 R - a scroll of identify {@r1}
Potions
 a - 2 potions of mutation {unknown}
 i - a potion of agility
 r - a potion of might {unknown}
 v - a potion of curing {@q1}
 z - a potion of haste {unknown}
Comestibles
 c - a slice of pizza
 d - 3 bread rations


   Skills:
 - Level 1.1 Short Blades
 - Level 3.0 Dodging
 + Level 7.3 Stealth
 + Level 5.3 Spellcasting
 * Level 7.5 Hexes


You had 4 spell levels left.
You knew the following spells:

 Your Spells              Type           Power        Failure   Level  Hunger
a - Corona                Hex            ####...      1%          1    None
q - Dazzling Spray        Conj/Hex       ###.....     10%         3    ##.....
t - Tukima's Dance        Hex            ####....     1%          3    ##.....
x - Confuse               Hex            ####....     1%          3    ##.....
z - Ensorcelled Hibernat  Hex/Ice        ###...       4%          2    None


Dungeon Overview and Level Annotations

Branches:
Dungeon (5/15)
 Temple: D:4-7

Altars:
Nemelex Xobeh
Okawaru
Ru

Shops:
D:4 :

Annotations:
D:3 exclusion: giant cockroach, Grinder


Innate Abilities, Weirdness & Mutations

You are tiny and cannot use many weapons and most armour.
You have supernaturally acute eyesight.
You are a herbivore.
You cover ground extremely quickly.
You need consume almost no food.


Message History

The mummy is severely damaged.
The giant frog zombie barely misses you.
Casting: Confuse
Confirm with . or Enter, or press ? or * to list all spells.
Aiming: Confuse
Press: ? - help, Shift-Dir - straight line, f - mummy
Aim: a mummy (severely damaged, chance to defeat MR: 62%)
You miscast Confuse.
You are very lightly contaminated with residual magic.
The light around you dims momentarily.
The giant frog zombie completely misses you.
The mummy hits you.
Casting: Confuse
Confirm with . or Enter, or press ? or * to list all spells.
Aiming: Confuse
Press: ? - help, Shift-Dir - straight line, f - giant frog zombie, p - mummy
Aim: a giant frog zombie (chance to defeat MR: 86%)
The giant frog zombie appears confused.
The mummy hits you!
Ouch! That really hurt!
You die...

ਜ.ਜ ਜ.∆.
ਜਜ.ਜਜਜਜਜ∆ਜਜਜਜਜ.ਜਜਜ
.∆.....Z.....≈≈.Pਜ
ਜਜ.ਜਜਜਜਜ▲ਜਜਜਜਜ≈≈≈ਜ
▲.ਜ??=ਜ ਜ∩..ਜ≈..ਜ ਜਜ
ਜ.ਜ!!!ਜ ਜ.∩.ਜ.ਜ≈ਜ≈≈≈ਜ
▲.ਜ?!!ਜ ਜ...ਜ≈≈P≈ਜ
ਜਜਜ.ਜਜ∆ਜਜ▲ਜਜZਜਜ≈ਜਜ≈ਜ≈ਜ
ਜ.∆......≈≈.ZM@Z.P≈≈ਜ
ਜਜਜ∆ਜ▲ਜ∆ਜ▲ਜ▲ਜ▲ਜ.≈≈ਜਜ≈ਜ
ਜ.ਜ ਜ.ਜ ਜ.≈≈ਜ ≈≈ਜ ਜਜਜ
ਜਜਜ ਜ≈≈≈ਜ ਜਜ ਜ≈ਜਜਜ ਜਜ≈
≈ ਜ


You could see a mummy, a quokka zombie, a giant frog zombie (confused) and a
centaur zombie.

Vanquished Creatures
  A scorpion (D:4)
  A centaur zombie (Ossuary)
  A bog body (Ossuary)
  An orc priest (D:3)
  Ijyb (D:3)
  A hound (D:4)
  2 orc wizards (D:3)
  3 mummies (Ossuary)
  A hound skeleton (D:4)
  3 adders
  4 gnolls (D:3)
  2 adder zombies (Ossuary)
  3 worms
  8 orcs
  10 bats
  7 giant cockroaches
  6 goblins
  4 hobgoblins
  9 jackals
  2 quokkas
  A ball python skeleton (D:4)
  3 giant geckos
  4 giant newts
  A jackal zombie (Ossuary)
  7 kobolds
  A quokka skeleton (D:4)
  A quokka zombie (Ossuary)
  6 rats
94 creatures vanquished.

Vanquished Creatures (collateral kills)
  2 ogres (D:4)
2 creatures vanquished.

Grand Total: 96 creatures vanquished

Notes
Turn   | Place    | Note
--------------------------------------------------------------
     0 | D:1      | Goblin1989 the Spriggan Enchanter began the quest for the Orb.
     0 | D:1      | Reached XP level 1. HP: 9/9 MP: 5/5
   197 | D:1      | Reached XP level 2. HP: 10/13 MP: 6/6
   874 | D:2      | Reached XP level 3. HP: 12/16 MP: 8/8
  1012 | D:2      | Reached skill level 5 in Stealth
  1264 | D:2      | Reached skill level 5 in Hexes
  1269 | D:2      | Learned a level 3 spell: Confuse
  1273 | D:2      | Learned a level 3 spell: Tukima's Dance
  1404 | D:2      | Reached XP level 4. HP: 17/21 MP: 10/10
  1589 | D:3      | crauler: живем сказал я
  1589 | D:3      | crauler: умерев через полминуты
  1589 | D:3      | Goblin1989: это как? о_О
  1589 | D:3      | crauler: ну я нашел кольцо протекта +5 на сприггане, обрадовался
  1589 | D:3      | crauler: пошел табать дяка
  1603 | D:3      | crauler: як покалечил, при попытке добить яка палочкой была нанесена несовместимая с жизнью травма лапою блинк лягушки
  1914 | D:3      | Reached XP level 5. HP: 21/24 MP: 11/11
  1918 | D:3      | Learned a level 2 spell: Ensorcelled Hibernation
  1918 | D:3      | ololoev: короче я воткнул как получать мутки и личформу, но проблема в том что тайл персонажа в форме лича переписывает тот тайл, который ты выставляешь.
  1918 | D:3      | crauler: ?
  1918 | D:3      | ololoev: поа спросил в таверне как тайл личформы победить
  1918 | D:3      | crauler: причем тут мутки и тайлы?
  1918 | D:3      | ololoev: может есть секретная техника
  1918 | D:3      | crauler: ты хочешь свои крылья копыта и хвосты?
  1918 | D:3      | ololoev: не
  1918 | D:3      | Goblin1989: я понял о чем он
  1920 | D:3      | ololoev: я пишу скрипт, который подставляет в тайл игрока алича, если тот в личформе
  1927 | D:3      | crauler: а
  1939 | D:3      | ololoev: но стандартный тайл личформы перебивает мой тайл
  1939 | D:3      | ololoev: короче я жрать
  1939 | D:3      | Goblin1989: а тут не проблема какой-нибудь зависимости?
  1939 | D:3      | jacquesderrida: Gremlin and an assorment of slovinski
  1972 | D:3      | Noticed Ijyb
  1972 | D:3      | jacquesderrida: CHE
  1975 | D:3      | crauler: что за словински?
  1992 | D:3      | jacquesderrida: TY
  1993 | D:3      | Killed Ijyb
  1994 | D:3      | crauler: не за что
  1998 | D:3      | Learned a level 3 spell: Dazzling Spray
  1998 | D:3      | jacquesderrida: YA
  2003 | D:3      | crauler: ВМЕСТЕ ДРУЖНАЯ СЕМЬЯ ВМЕСТЕ ЦЕЛАЯ СТРАНА
  2043 | D:3      | jacquesderrida: Naissss
  2043 | D:3      | jacquesderrida: LOOK ORAK
  2106 | D:3      | jacquesderrida: You imply orak!
  2119 | D:3      | Reached skill level 6 in Stealth
  2156 | D:3      | Iwannabefree: как трансфернуть макросы на другую версию?
  2188 | D:3      | Noticed Grinder
  2553 | D:4      | Found an iron altar of Okawaru.
  2567 | D:4      | Reached XP level 6. HP: 28/28 MP: 9/13
  2632 | D:4      | Found Weannuh's Book Shoppe.
  2864 | D:4      | Found a sparkling altar of Nemelex Xobeh.
  2908 | D:4      | Iwannabefree: !beem subscribe
  2908 | D:4      | beem: User Iwannabefree is already subscribed
  2956 | D:4      | Noticed an ogre
  2975 | D:4      | Killed an ogre
  3248 | D:4      | Reached skill level 7 in Hexes
  3474 | D:4      | Found a sacrificial altar of Ru.
  3562 | D:4      | Reached skill level 5 in Spellcasting
  3651 | D:5      | Entered Level 5 of the Dungeon
  3666 | D:5      | Found a sand-covered staircase.
  3675 | Ossuary  | Entered an ossuary
  3690 | Ossuary  | Reached XP level 7. HP: 25/32 MP: 11/15
  3814 | Ossuary  | Slain by a mummy

Action                   |  1- 3 |  4- 6 |  7- 9 || total
-------------------------+-------+-------+-------++-------
Melee: Dagger            |   145 |    14 |       ||   159
       Short sword       |       |   159 |    48 ||   207
 Cast: Corona            |     3 |       |       ||     3
       Confuse           |       |    24 |     9 ||    33
       Tukima's Dance    |       |     2 |       ||     2
  Use: Potion            |     1 |       |     1 ||     2
       Scroll            |     5 |     1 |       ||     6
 Stab: Sleeping          |    11 |    12 |       ||    23
       Distracted        |     1 |       |       ||     1
       Confused          |       |    14 |     7 ||    21
  Eat: Fruit             |       |     2 |       ||     2
       Bread ration      |       |     1 |       ||     1

Vault maps used:
D:1:      lightli_arrival_statuegarden, minmay_misc_feat_hallway, st_stairs_13
D:2:      first_bread, serial_park_tiny_pond
D:3:      uniq_grinder, uniq_iyjb
D:4:      kennysheep_little_box, nemelex_deck, serial_shops, shop,
          okawaru_ov_weapons_minmay
D:5:      kennysheep_mini, lightli_ossuary_entry_decrepit_ruins,
          minmay_misc_feat_nine_boxes, serial_bayou_lake_a
Ossuary:  ossuary_zaba_flooded
